 Dungeon Crawl Stone Soup version 0.22.1-6-g1668fe2c40 (webtiles) character file.

8542 Gargoyl the Spear-Bearer (level 11, -11/91 HPs)
             Began as a Centaur Abyssal Knight on Jan 19, 2019.
             Was a High Priest of Lugonu.
             Mangled by a killer bee (12 damage)
             ... on level 2 of the Lair of Beasts.
             The game lasted 00:19:11 (12029 turns).

Gargoyl the Spear-Bearer (Centaur Abyssal Knight)  Turns: 12029, Time: 00:19:12

Health: -11/91     AC: 20    Str: 16    XL:     11   Next: 11%
Magic:  15/16      EV:  5    Int: 11    God:    Lugonu [*****.]
Gold:   658        SH:  0    Dex: 15    Spells: 10/10 levels left

rFire    . . .     SeeInvis .   I - +1 broad axe (vamp)
rCold    . . .     Gourm    .   (no shield)
rNeg     . . .     Faith    .   C - +4 plate armour of Huruem {+Fly rPois}
rPois    +         Spirit   .   (no helmet)
rElec    +         Reflect  .   r - +2 cloak
rCorr    .         Harm     .   b - +0 pair of gloves
MR       .....                  (no barding)
Stlth    ..........             (no amulet)
HPRegen  0.25/turn              J - +4 ring of dexterity
MPRegen  0.15/turn              g - ring "Fenuwkeg" {+Fly rElec Stlth+}

@: lethally poisoned (-11 -> -12), very quick
A: large, hooves 3, deformed body, speed 2, tough skin 3
a: Depart the Abyss, Bend Space, Banish, Corrupt, Enter the Abyss, Renounce
Religion, Evoke Flight


You were on level 2 of the Lair of Beasts.
You worshipped Lugonu.
Lugonu was extremely pleased with you.
You were not hungry.

You visited 2 branches of the dungeon, and saw 11 of its levels.
You visited the Abyss 1 time.
You also visited: Ossuary and Ice Cave.

You collected 658 gold pieces.

Inventory:

Hand Weapons
 a - a +2 hand axe
 d - a +5 trident of venom
 I - a +1 vampiric broad axe (weapon)
Armour
 b - a +0 pair of gloves (worn)
 r - a +2 cloak (worn)
 C - the +4 plate armour of Huruem (worn) {+Fly rPois}
   (You acquired it on level 9 of the Dungeon)

   It protects you from poison.
   It lets you fly.
Jewellery
 g - the ring "Fenuwkeg" (right hand) {+Fly rElec Stlth+}
   (You took it off an orc on level 6 of the Dungeon)

   [ring of stealth]

   It insulates you from electricity.
   It lets you fly.
   It makes you more stealthy.
 q - an uncursed ring of protection from cold
 J - a +4 ring of dexterity (left hand)
Wands
 e - a wand of clouds (6)
 A - a wand of digging (12)
 B - a wand of flame (9)
Scrolls
 f - 2 scrolls of magic mapping
 i - a scroll of teleportation
 k - 2 scrolls of identify
 l - a scroll of fog
 m - 2 scrolls of remove curse
 o - 2 scrolls of amnesia
 y - a scroll of fear
Potions
 j - 2 potions of berserk rage
 n - 2 potions of might
 p - 2 potions of flight
 s - 3 potions of curing
 t - a potion of invisibility {unknown}
 u - a potion of heal wounds {unknown}
 v - a potion of brilliance
 w - 2 potions of ambrosia {unknown}
 x - a potion of magic {unknown}
 z - 2 potions of mutation {unknown}
 D - 2 potions of degeneration {unknown}
 H - a potion of lignification {unknown}
Miscellaneous
 K - a lightning rod (4/4)
Comestibles
 c - 16 rations


   Skills:
 + Level 6.5 Fighting
 + Level 1.8(5.7) Axes
 + Level 8.6(8.7) Polearms
 * Level 7.4 Armour
 * Level 5.0 Dodging
 * Level 7.5 Invocations


You had 10 spell levels left.
You didn't know any spells.
Your spell library contained the following spells:

 Spells                   Type           Power        Failure   Level  Hunger
 Magic Dart               Conj           #...         100%        1    ##.....
 Blink                    Tloc           N/A          100%        2    ###....
 Call Imp                 Summ           #.......     100%        2    ###....
 Poisonous Vapours        Pois/Air       #.....       100%        2    ###....
 Slow                     Hex            #.......     100%        2    ###....
 Conjure Flame            Conj/Fire      #.......     100%        3    ####...
 Mephitic Cloud           Conj/Pois/Air  #.......     100%        3    ####...
 Freezing Cloud           Conj/Ice/Air   #.........   100%        6    #######
 Ring of Flames           Chrm/Fire      #.........   100%        7    #######


Dungeon Overview and Level Annotations

Branches:
Dungeon (9/15)             Temple (0/1) D:6            Lair (2/6) D:9
  Swamp: Lair:2-4    Shoals: Lair:2-4     Snake: Lair:2-4    Spider: Lair:2-4
    Orc: D:9-12

Altars:
Elyvilon
Fedhas
Hepliaklqana
Nemelex Xobeh
Okawaru
Sif Muna
Uskayaw
Xom
Zin
The Shining One

Shops:
D:5 }


Innate Abilities, Weirdness & Mutations

You have hooves in place of feet.
Armour fits poorly on your strangely shaped body.
You cover ground very quickly.
You have extremely tough skin. (AC +3)


Message History

* * * LOW HITPOINT WARNING * * *
The killer bee stings you but does no damage. x2
The killer bee barely misses you. x2
The killer bee stings you but does no damage. x2
The killer bee stings you.
* * * LOW HITPOINT WARNING * * *
The killer bee stings you but does no damage.
Space bends sharply around you!
You blink.
The killer bee rages.
Found 26 stones and 23 sling bullets.
Found two stone staircases leading down.
You feel sick.
The killer bee rages.
The killer bee stings you but does no damage.
The killer bee stings you but does no damage.
The killer bee rages.
The killer bee stings you!
* * * LOW HITPOINT WARNING * * *
The killer bee stings you!
You die...

....... .. ..... .......
.# #...## .......
#.##....# ....... #
##.P.....### .......
..##..........##.......
....P........##ยง.......
.......................
.......@yy...........<.
........y..............
#P#..>.................
##...................
##..................
#..................
#..(...(......
#..............
...............


You could see 3 killer bees.

Vanquished Creatures
  Erolcha (D:9)
  A two-headed ogre (D:9)
  A death yak (D:9)
  Pikel (D:5)
  A black mamba (Lair:1)
  A spiny frog (Lair:1)
  A komodo dragon (Lair:1)
  A troll (D:9)
  2 hippogriffs (D:9)
  A steam dragon (D:7)
  A water moccasin (D:5)
  A porcupine (D:9)
  3 ice beasts
  3 sky beasts
  Purgy (D:4)
  2 orc warriors
  A phantom (D:9)
  A slave (D:5)
  2 ogres
  2 centaurs (D:8)
  4 crocodiles (Lair:1)
  4 big kobolds
  7 bullfrogs
  An elf zombie (Ossuary)
  2 scorpions
  A killer bee (D:8)
  2 howler monkeys (D:5)
  3 wights (D:8)
  2 electric eels (D:8)
  A bullfrog zombie (D:5)
  2 centaur zombies (Ossuary)
  4 crimson imps
  3 human zombies (Ossuary)
  A jelly (D:7)
  Crazy Yiuf (D:3)
  4 hounds
  3 orc priests
  A centaur skeleton (D:8)
  4 orc wizards
  Jessica (D:3)
  2 hell rats (D:9)
  10 worker ants
  Natasha (twice) (D:3)
  2 iguanas
  A big kobold zombie (Ossuary)
  A hound zombie (D:6)
  A hound skeleton (D:5)
  3 mummies (Ossuary)
  A howler monkey zombie (D:5)
  14 adders
  A howler monkey skeleton (D:9)
  3 shadow imps
  3 adder zombies (Ossuary)
  An adder skeleton (D:4)
  3 worms
  3 leopard geckos
  29 orcs
  8 bats
  2 giant cockroaches
  A gnoll zombie (Ossuary)
  5 goblins
  10 hobgoblins
  11 jackals
  7 quokkas
  A ball python (D:6)
  8 frilled lizards
  A goblin zombie (Ossuary)
  5 hobgoblin zombies (Ossuary)
  2 jackal zombies (Ossuary)
  26 kobolds
  2 kobold zombies (Ossuary)
  A leopard gecko skeleton (D:4)
  A leopard gecko zombie (D:5)
  An orc zombie (Ossuary)
  A quokka skeleton (D:8)
  7 quokka zombies
  10 rats
  9 rat zombies
278 creatures vanquished.

Vanquished Creatures (others)
  A shadow imp (D:8)
  3 fungi (D:3)
4 creatures vanquished.

Grand Total: 282 creatures vanquished

Notes
Turn   | Place    | Note
-------+----------+-------------------------------------------
     0 | Abyss:1  | Gargoyl the Centaur Abyssal Knight began the quest for the
                  | Orb.
     0 | Abyss:1  | Reached XP level 1. HP: 19/19 MP: 2/2
    74 | Abyss:2  | Noticed a thrashing horror
    76 | Abyss:2  | Noticed a thrashing horror
   114 | Abyss:4  | Noticed a raiju
   115 | D:1      | Escaped the Abyss
   344 | D:1      | Reached XP level 2. HP: 22/26 MP: 3/3
   686 | D:1      | Reached * piety under Lugonu
  1085 | D:2      | Reached XP level 3. HP: 31/31 MP: 4/4
  1092 | D:2      | Found a white marble altar of Elyvilon.
  1122 | D:2      | Reached skill level 1 in Dodging
  1182 | D:2      | Found a faded altar of an unknown god.
  1427 | D:2      | Reached skill level 1 in Polearms
  1652 | D:2      | Reached XP level 4. HP: 34/39 MP: 3/5
  1984 | D:3      | Reached ** piety under Lugonu
  2273 | D:3      | Reached XP level 5. HP: 42/46 MP: 7/7
  2297 | D:3      | Found a blossoming altar of Fedhas.
  2316 | D:3      | Found a hide-covered altar of Uskayaw.
  2484 | D:3      | Noticed Jessica
  2504 | D:3      | Killed Jessica
  2504 | D:3      | Reached skill level 2 in Polearms
  2887 | D:3      | Noticed Natasha
  2892 | D:3      | Killed Natasha
  2892 | D:3      | Reached XP level 6. HP: 52/52 MP: 8/8
  3041 | D:3      | Noticed Natasha
  3048 | D:3      | Killed Natasha
  3078 | D:3      | Found a white marble altar of Elyvilon.
  3078 | D:3      | Found a glowing golden altar of the Shining One.
  3078 | D:3      | Found a glowing silver altar of Zin.
  3144 | D:3      | Found a runed door.
  3148 | D:3      | Noticed Crazy Yiuf
  3153 | D:3      | Killed Crazy Yiuf
  3455 | D:4      | Reached skill level 3 in Polearms
  3659 | D:4      | Noticed Purgy
  3666 | D:4      | Killed Purgy
  3666 | D:4      | Reached XP level 7. HP: 57/59 MP: 9/9
  3911 | D:4      | Reached *** piety under Lugonu
  4178 | D:5      | Entered Level 5 of the Dungeon
  4242 | D:5      | Found a sand-covered staircase.
  4261 | Ossuary  | Entered an ossuary
  4450 | Ossuary  | Reached skill level 4 in Polearms
  4774 | Ossuary  | Reached **** piety under Lugonu
  5089 | Ossuary  | Reached XP level 8. HP: 44/67 MP: 6/11
  5283 | D:5      | Found Vadel's Gadget Emporium.
  5587 | D:5      | Noticed Pikel
  5601 | D:5      | Killed Pikel
  5601 | D:5      | Reached skill level 5 in Polearms
  5676 | D:5      | Reached skill level 5 in Invocations
  6260 | D:5      | Reached skill level 5 in Fighting
  6617 | D:5      | Reached XP level 9. HP: 60/74 MP: 9/12
  6839 | D:6      | Reached skill level 6 in Polearms
  6839 | D:6      | Reached skill level 5 in Armour
  7130 | D:6      | Got a wavering turquoise ring
  7144 | D:6      | Found a hazy altar of Hepliaklqana.
  7187 | D:6      | Identified the ring "Fenuwkeg" {+Fly rElec Stlth+} (You
                  | took it off an orc on level 6 of the Dungeon)
  7217 | D:6      | Found a sparkling altar of Nemelex Xobeh.
  7219 | D:6      | Found a hide-covered altar of Uskayaw.
  7219 | D:6      | Found a shimmering altar of Xom.
  7221 | D:6      | Found a deep blue altar of Sif Muna.
  7221 | D:6      | Found an iron altar of Okawaru.
  7221 | D:6      | Found an iron altar of Okawaru.
  7238 | D:6      | Found a staircase to the Ecumenical Temple.
  7571 | D:7      | Reached ***** piety under Lugonu
  8923 | D:8      | Reached skill level 7 in Polearms
  9261 | D:8      | Reached XP level 10. HP: 79/83 MP: 12/14
  9978 | D:9      | Noticed Erolcha
  9985 | D:9      | Killed Erolcha
 10079 | D:9      | Noticed a two-headed ogre
 10102 | D:9      | Killed a two-headed ogre
 10238 | D:9      | Noticed a death yak
 10238 | D:9      | Noticed a death yak
 10250 | D:9      | Noticed a death yak
 10258 | D:9      | Killed a death yak
 10258 | D:9      | Reached skill level 8 in Polearms
 10710 | D:9      | Found a staircase to the Lair.
 10923 | D:9      | Identified a scroll of acquirement
 10924 | D:9      | Got a warped plate armour
 10935 | D:9      | Identified the +4 plate armour of Huruem {+Fly rPois} (You
                  | acquired it on level 9 of the Dungeon)
 11239 | Lair:1   | Entered Level 1 of the Lair of Beasts
 11359 | Lair:1   | Reached XP level 11. HP: 78/91 MP: 16/16
 11378 | Lair:1   | Reached skill level 5 in Dodging
 11766 | Lair:1   | Found a frozen archway.
 11775 | IceCv    | Entered an ice cave
 12029 | Lair:2   | HP: 1/91 [killer bee (10)]
 12029 | Lair:2   | Mangled by a killer bee

Skill      XL: |  1  2  3  4  5  6  7  8  9 10 11 |
---------------+----------------------------------+-----
Dodging        | 1 2 3 4 5 |  5.0
Polearms       | 1 2 3 4 5 7 8 |  8.6
Armour         | 2 3 4 6 7 |  7.4
Invocations    | 3 4 5 6 7 |  7.5
Fighting       | 4 5 6 |  6.5
Axes           | |  1.8

Action                   |  1- 3 |  4- 6 |  7- 9 | 10-12 || total
-------------------------+-------+-------+-------+-------++-------
Melee: Trident           |   116 |   146 |   514 |   204 ||   980
       Kick              |    10 |    19 |   106 |    55 ||   190
       Broad axe         |       |       |       |     6 ||     6
Invok: Depart the Abyss  |     1 |       |       |       ||     1
       Bend Space        |       |       |       |     1 ||     1
  Use: Scroll            |     4 |       |    15 |     4 ||    23
  Eat: Chunk             |     1 |     6 |     9 |     4 ||    20
       Ration            |       |       |     2 |     3 ||     5
Armor: Leather armour    |     5 |       |       |       ||     5
       Chain mail        |    70 |   107 |   388 |    75 ||   640
       Plate armour      |       |       |       |   100 ||   100
Dodge: Dodged            |    38 |    26 |   162 |    64 ||   290
